 Dungeon Crawl Stone Soup version 0.25-a0-1133-g93ebf739aa (webtiles) character file.

Game seed: 2307959097930281437, levelgen mode: deterministic

13 vurker the Charlatan (level 2, -7/21 HPs)
             Began as a Human Artificer on May 20, 2020.
             Killed themself with a badly aimed iceblast (17 damage)
             ... on level 1 of the Dungeon.
             The game lasted 00:00:15 (212 turns).

vurker the Charlatan (Human Artificer)               Turns: 212, Time: 00:00:15

Health: -7/21      AC:  3    Str: 12    XL:     2   Next: 50%
Magic:  4/4        EV: 12    Int: 11    God:
Gold:   28         SH:  0    Dex: 13    Spells: 1/1 levels left

rFire    . . .     SeeInvis .   a - +0 short sword
rCold    . . .     Gourm    .   (no shield)
rNeg     . . .     Faith    .   b - +0 leather armour
rPois    .         Spirit   .   (no helmet)
rElec    .         Reflect  .   (no cloak)
rCorr    .         Harm     .   (no gloves)
MR       .....                  (no boots)
Stlth    +.........             (no amulet)
HPRegen  0.07/turn              (no ring)
MPRegen  0.09/turn              (no ring)

@: no status effects
A: no striking features
a: no special abilities


You were on level 1 of the Dungeon.
You were not hungry.

You visited 1 branch of the dungeon, and saw 1 of its levels.

You collected 28 gold pieces.

Inventory:

Hand Weapons
 a - a +0 short sword (weapon)
Armour
 b - a +0 leather armour (worn)
Wands
 d - a wand of enslavement (15)
 f - a wand of random effects (15)
 t - a wand of flame (15)
Scrolls
 g - a scroll of identify {unknown}
 h - a scroll of remove curse {unknown}
Comestibles
 c - 2 chunks of flesh
 e - a ration


   Skills:
 + Level 1.3 Fighting
 - Level 1.0 Short Blades
 + Level 0.6 Armour
 * Level 2.4 Dodging
 - Level 1.0 Stealth
 + Level 3.1 Evocations


You had one spell level left.
You didn't know any spells.
Your spell library was empty.

Dungeon Overview and Level Annotations

Branches:
Dungeon (1/15)

Altars:


Message History

Welcome, vurker the Human Artificer.
Will you prevail where others failed? Will you find the Orb of Zot?
Found a staircase leading out of the dungeon.
You open the door.
There is an open door here.
A dart slug comes into view.
Found 19 gold pieces.
A dart slug is nearby!
Found 9 gold pieces and a scroll labeled ACARHOJIAB.
You barely miss the dart slug. You hit the dart slug.
The dart slug launches a dart at you. The slug dart hits you!
You hit the dart slug. The dart slug launches a dart at you.
The slug dart hits you.
* * * LOW HITPOINT WARNING * * *
You hit the dart slug. You hit the dart slug.
You kill the dart slug!
You see here a dart slug corpse.
You butcher the dart slug corpse.
c - 2 chunks of flesh You now have 19 gold pieces.
You now have 28 gold pieces (gained 9).
g - a scroll labeled ACARHOJIAB
Found a scroll labeled NUSUVEHEPUH.
h - a scroll labeled NUSUVEHEPUH A gnoll comes into view.
It is wielding a +0 flail.
The gnoll shouts!
You hit the gnoll. The gnoll hits you with a +0 flail!
Ouch! That really hurt!
* * * LOW HITPOINT WARNING * * *
Aim: a gnoll, wielding a +0 flail (lightly wounded)
The mass of ice explodes!
The iceblast engulfs the gnoll!
You kill the gnoll!
You have reached level 2!
The iceblast engulfs you!
Ouch! That really hurt!
You die...

## .. #.
#.
#.#.#####
#...@...#
#.#)###.#
#.#. #.#
#.....
#.#
#.#.##
#.#
#.###.#.#
#.# ..##
#.#...#.#
###.##
...#
#.#.#.#.#
#....#
#..#
#.#.#.#.#
#.####


There were no monsters in sight!

Vanquished Creatures
  A gnoll (D:1)
  A dart slug (D:1)
2 creatures vanquished.

Notes
Turn   | Place    | Note
-------+----------+-------------------------------------------
     0 | D:1      | vurker the Human Artificer began the quest for the Orb.
     0 | D:1      | Reached XP level 1. HP: 15/15 MP: 3/3
   212 | D:1      | Reached XP level 2. HP: 10/21 MP: 4/4
   212 | D:1      | Killed themself with a badly aimed iceblast

Illustrated notes

Levels and vault maps discovered:
D:1:      dpeg_arrival_short_road, layout_basic

Action                   || total
-------------------------++-------
Melee: Short sword       ||     6

Table legend:
 A = Non-vault XP
 B = Vault XP
 C = Vault XP percentage of total XP
 D = Non-vault monster count
 E = Vault monster count
 F = Vault count percentage of total count
                 A         B        C        D         E       F
            +---------+---------+-------+---------+---------+-------
      Total |      19 |       0 |   0.0 |       2 |       0 |   0.0
            +---------+---------+-------+---------+---------+-------
        D:1 |      19 |       0 |   0.0 |       2 |       0 |   0.0
            +---------+---------+-------+---------+---------+-------
